 Dungeon Crawl Stone Soup version 0.30-a0-243-gaa749bd8e4 (webtiles) character file.

Game seed: 11324459680212286665

848 KennyOmg the Cleaver (level 7, 0/64 HPs)
             Began as a Minotaur Berserker on Oct 12, 2022.
             Was a Priest of Trog.
             Slain by a gnoll
             ... wielding a +0 spear
              (3 damage)
             ... on level 5 of the Dungeon.
             The game lasted 00:05:37 (3324 turns).

KennyOmg the Cleaver (Minotaur Berserker)           Turns: 3324, Time: 00:05:37

Health: 0/64       AC: 14    Str: 21    XL:     7   Next: 69%
Magic:  6/6        EV:  7    Int:  6    God:    Trog [***...]
Gold:   218        SH:  0    Dex: 10    Spells: 6/6 levels left

rFire   . . .      SeeInvis .    a - +0 war axe
rCold   . . .      Faith    .    (no shield)
rNeg    . . .      Spirit   .    l - +0 plate armour
rPois   .          Reflect  .    (helmet restricted)
rElec   .          Harm     .    q - +0 cloak
rCorr   .          Rampage  .    i - +0 pair of gloves
Will    .....                    (no boots)
Stlth   ..........               (no amulet)
HPRegen 0.30/turn                (no ring)
MPRegen 0.10/turn                (no ring)

@: no status effects
A: horns 2, retaliatory headbutt
a: Renounce Religion, Berserk, Trog's Hand


You were on level 5 of the Dungeon.
You worshipped Trog.
Trog was most pleased with you.
You visited 1 branch of the dungeon, and saw 5 of its levels.

You collected 218 gold pieces.

Inventory:

Hand Weapons
 a - a +0 war axe (weapon)
   (You found it on level 3 of the Dungeon)
Missiles
 s - a throwing net (quivered) {!f}
 t - 4 datura-tipped darts
Armour
 i - a +0 pair of gloves (worn)
   (You found it on level 2 of the Dungeon)
 l - a +0 plate armour (worn)
   (You found it on level 3 of the Dungeon)
 q - a +0 cloak (worn)
   (You took it off Crazy Yiuf on level 3 of the Dungeon)
Scrolls
 d - a scroll of brand weapon {unknown}
 h - a scroll of vulnerability {unknown}
 m - a scroll of enchant armour {unknown}
 n - a scroll of magic mapping {unknown}
 u - a scroll of amnesia {unknown}
 x - a scroll of butterflies {unknown}
Potions
 b - 2 potions of attraction {unknown}
 e - a potion of might {unknown}
 f - 3 potions of lignification {!q}
 g - a potion of magic {unknown}
 j - a potion of resistance {unknown}
 k - 2 potions of heal wounds {@q2}
 o - a potion of flight {unknown}
 p - a potion of cancellation {unknown}
 r - a potion of haste {unknown}
 v - a potion of brilliance {unknown}


   Skills:
 + Level 6.4 Fighting
 * Level 8.4 Axes
 + Level 5.3 Armour
 - Level 2.1 Dodging


You had 6 spell levels left.
You didn't know any spells.
Your spell library was empty.

Dungeon Overview and Level Annotations

Branches:
Dungeon (5/15)
 Temple: D:4-7

Altars:
Gozag

Annotations:
D:3 2 transporters, Smoky173's ghost, amateur OpSu


Innate Abilities, Weirdness & Mutations

You have a pair of horns on your head.
You reflexively headbutt those who attack you in melee.


Message History

Trog accepts your kill.
You hit the hound. The hound closely misses you. The hound barely misses you.
You slash the hound!
You kill the hound!
Trog accepts your kill.
No target in view!
No target in view!
No target in view!
No target in view!
No target in view!
No target in view!
No target in view!
No target in view!
No target in view!
No target in view!
No target in view!
No target in view!
There is a stone staircase leading up here.
You start resting.
An ogre comes into view. It is wielding a +0 giant spiked club.
Unknown command.
The ogre shouts!
You barely miss the ogre.
The ogre hits you with a +0 giant spiked club!!
A gnoll comes into view. It is wielding a +0 spear.
The gnoll shouts!
You slash the ogre!
You hear a shout! x3
The ogre completely misses you.
You barely miss the ogre. You headbutt the ogre. You barely miss the ogre.
The ogre barely misses you.
You hit the ogre.
A gnoll comes into view. It is wielding a +0 whip.
The ogre hits you with a +0 giant spiked club.
The gnoll shouts!
You hit the ogre.
A gnoll comes into view. It is wielding a +0 spear.
The gnoll shouts!
You slash the ogre!
The ogre hits you with a +0 giant spiked club.
The gnoll hits you from afar with a +0 spear!
* * * LOW HITPOINT WARNING * * *
The ogre attacks as you move away! The ogre closely misses you.
Found a short sword.
The gnoll barely misses you.
There is a stone staircase leading up here.
The ogre hits you with a +0 giant spiked club!!
* * * LOW HITPOINT WARNING * * *
The gnoll hits you from afar with a +0 spear.
You die...

.##. ... ..### ###.
#.. ...####...)
#####.. ...#.....
.......###......
.............###...
........ #@........
........##O.#.....#
........#.$g......#
.......#.g........#
..........##..##..#
###...g...# ...# .#
##.....## .#.# #
...#.... ....$
#.........# . ..


You could see an ogre and 3 gnolls.

Vanquished Creatures
  Sigmund (D:4)
  An ogre (D:5)
  2 scorpions
  A hound (D:5)
  A gnoll bouda (D:4)
  Crazy Yiuf (D:3)
  Terence (D:2)
  Natasha (thrice) (D:2)
  3 orc wizards (D:4)
  4 gnolls (D:4)
  11 adders
  2 worms (D:4)
  A dart slug (D:2)
  6 orcs
  5 endoplasms
  A giant cockroach (D:3)
  5 goblins
  12 hobgoblins
  4 jackals (D:3)
  2 quokkas (D:1)
  13 ball pythons
  3 bats
  3 frilled lizards
  8 kobolds
  5 rats
  A spectral hobgoblin (D:2)
100 creatures vanquished.

Vanquished Creatures (others)
  12 plants (D:2)
12 creatures vanquished.

Grand Total: 112 creatures vanquished

Notes
Turn   | Place    | Note
-------+----------+-------------------------------------------
     0 | D:1      | KennyOmg the Minotaur Berserker began the quest for the
                  | Orb.
     0 | D:1      | Reached XP level 1. HP: 19/19 MP: 0/0
   132 | D:1      | Reached skill level 4 in Axes
   271 | D:1      | Reached XP level 2. HP: 27/27 MP: 1/1
   873 | D:2      | Noticed Terence
   882 | D:2      | Killed Terence
   883 | D:2      | Reached XP level 3. HP: 33/33 MP: 2/2
   929 | D:2      | Found a faded altar of an unknown god.
   941 | D:2      | Noticed Natasha
   957 | D:2      | Killed Natasha
   958 | D:2      | Reached skill level 5 in Axes
   976 | D:2      | Reached XP level 4. HP: 40/41 MP: 3/3
  1441 | D:2      | Noticed Natasha
  1453 | D:2      | Killed Natasha
  1500 | D:2      | Noticed Natasha
  1505 | D:2      | Killed Natasha
  1506 | D:2      | Reached XP level 5. HP: 42/47 MP: 4/4
  1781 | D:3      | Reached ** piety under Trog
  1812 | D:3      | Found a transporter.
  1820 | D:3      | Noticed a small abomination
  1856 | D:3      | Found a transporter.
  1881 | D:3      | Reached skill level 6 in Axes
  2023 | D:3      | Reached skill level 5 in Fighting
  2099 | D:3      | Found an opulent altar of Gozag.
  2139 | D:3      | Found a runed translucent door.
  2140 | D:3      | Noticed Crazy Yiuf
  2184 | D:3      | Noticed Smoky173's ghost (amateur OpSu)
  2270 | D:3      | Killed Crazy Yiuf
  2381 | D:4      | Noticed Sigmund
  2394 | D:4      | Killed Sigmund
  2395 | D:4      | Reached skill level 7 in Axes
  2395 | D:4      | Reached XP level 6. HP: 37/56 MP: 5/5
  2560 | D:4      | Reached XP level 7. HP: 49/62 MP: 6/6
  2838 | D:4      | Reached *** piety under Trog
  3228 | D:5      | Entered Level 5 of the Dungeon
  3242 | D:5      | Reached skill level 8 in Axes
  3242 | D:5      | Reached skill level 5 in Armour
  3324 | D:5      | HP: 3/64 [ogre/+0 giant spiked club (26)]
  3324 | D:5      | Slain by a gnoll

Illustrated notes

Levels and vault maps discovered:
D:1:      sevenhm_arrival_forest_fort_large_2, layout_loops_ring,
          serial_bayou_lagoon_a, roderic_roman_lattice
D:2:      layout_loops_ring, dreamdust_ecumenical_altar_drowned_temple,
          minivault_27, minmay_misc_feat_rugged, serial_bayou_lagoon_b,
          uniq_terence, uniq_natasha
D:3:      layout_rooms, nicolae_overflow_hidden_temple,
          gammafunk_ghost_abyssal_escape, uniq_crazy_yiuf_cottage
D:4:      layout_basic, minmay_snake_closets, uniq_sigmund
D:5:      lemuel_ratsnest, layout_rooms, mainiacjoe_overflow_24_doors,
          uniq_edmund

Skill      XL: |  1  2  3  4  5  6  7 |
---------------+----------------------+-----
Axes           | 4 5 7 8 |  8.4
Fighting       | 4 5 6 |  6.4
Armour         | 3 4 5 |  5.3
Dodging        | |  2.1

Action                   |  1- 3 |  4- 6 |  7- 9 || total
-------------------------+-------+-------+-------++-------
Melee: Hand axe          |    54 |    93 |       ||   147
       Headbutt          |     4 |    20 |     8 ||    32
       Punch             |     1 |     1 |     1 ||     3
       War axe           |       |    58 |    62 ||   120
Invok: Berserk           |     2 |     1 |       ||     3
       Trog's Hand       |       |     1 |       ||     1
  Use: Scroll            |       |       |     3 ||     3
Armor: Ring mail         |    14 |       |       ||    14
       Chain mail        |     5 |    28 |       ||    33
       Plate armour      |       |    70 |    43 ||   113
Dodge: Dodged            |    26 |    50 |    20 ||    96

Table legend: (Time is in decaauts)
 A = Elapsed time spent in this place.
 B = Non-inter-level travel time spent in this place.
 C = Inter-level travel time spent in this place.
 D = Time resting spent in this place.
 E = Time spent auto-exploring this place.
 F = Levels seen in this place.
 G = Mean time per level.
                   A        B        C        D        E       F      G
               +--------+--------+--------+--------+--------+-----+--------+
         Total |   3423 |   3257 |    166 |     72 |   2394 |   5 |  684.6 |
       Dungeon |   3423 |   3257 |    166 |     72 |   2394 |   5 |  684.6 |
               +--------+--------+--------+--------+--------+-----+--------+

Top non-repeatable levels by time:
     D:2: 945 daAuts
     D:4: 939 daAuts
     D:1: 827 daAuts
     D:3: 640 daAuts
     D:5: 70 daAuts
